Match 42436966
Unlisted

Match 42436966
End
Kradschützen Motorcycle Team
Selects Panzerjäger Kommand Battlegroup
Selects Mine Fields
Panzergrenadier Squad
Panzergrenadier Squad
Construct Light Support Kompanie
Panzergrenadier Squad
250 Light Carrier
Selects GrB 39 Grenade Launcher Requisition
Construct Mechanized Kompanie
Support Armor Elements
Combat Half-tracks
Panzergrenadier Squad
Panzergrenadier Squad
StuG III D Assault Gun
Pak 38 Mechanized Group
Tungsten Core Ammunition
StuG III D Assault Gun
18-tonne Recovery Half-track
StuG III D Assault Gun
Marder III Tank Destroyer
2.5-tonne Medical Truck
Selects Crew Shock Tactics
Selects Elefant Tank Destroyer
Assault Mechanized Group
Construct Panzerarmee Kommand
Assault Grenadier Squad
Marder III Tank Destroyer
Panzerjäger Mechanized Group
Rapid Advance
Major-Chaos
Der Kartograph(Bkr)
Nukepapa
Fajolada
0
0

Comments sign in to comment!

No comments posted yet!